 Dungeon Crawl Stone Soup version 0.29-a0-22-gbf593b16ee (webtiles) character file.

Game seed: 13414857281787876141

63 bande the Covered (level 4, -1/29 HPs)
             Began as a Gargoyle Fighter on Jan 30, 2022.
             Slain by a gnoll (4 damage)
             ... on level 2 of the Dungeon.
             The game lasted 00:02:17 (1019 turns).

bande the Covered (Gargoyle Fighter)                Turns: 1019, Time: 00:02:18

Health: -1/29      AC: 15    Str: 19    XL:     4   Next: 9%
Magic:  4/4        EV:  5    Int:  9    God:
Gold:   49         SH:  4    Dex: 11    Spells: 3/3 levels left

rFire   . . .      SeeInvis .   a - +0 war axe
rCold   . . .      Faith    .   c - +0 buckler
rNeg    + . .      Spirit   .   g - +0 plate armour
rPois   ∞          Reflect  .   (no helmet)
rElec   +          Harm     .   (no cloak)
rCorr   .          Rampage  .   (no gloves)
Will    .....                   (no boots)
Stlth   ..........              (no amulet)
HPRegen 0.09/turn               (no ring)
MPRegen 0.09/turn               (no ring)

@: no status effects
A: sickness immunity, AC +3, negative energy resistance 1, electricity
resistance, torment resistance 1, petrification resistance
a: no special abilities


You were on level 2 of the Dungeon.
You visited 1 branch of the dungeon, and saw 2 of its levels.

You collected 49 gold pieces.

Inventory:

Hand Weapons
 a - a +0 war axe (weapon)
Armour
 c - a +0 buckler (worn)
 g - a +0 plate armour (worn)
Potions
 b - a potion of berserk rage {unknown}
 d - a potion of might
 f - a potion of degeneration {unknown}


   Skills:
 + Level 3.7 Fighting
 + Level 2.7 Axes
 + Level 3.8 Armour
 + Level 3.8 Shields


You had 3 spell levels left.
You didn't know any spells.
Your spell library was empty.

Dungeon Overview and Level Annotations

Branches:
Dungeon (2/15)

Altars:


Innate Abilities, Weirdness & Mutations

You are immune to sickness and miasma.
Your stone body is resilient. (AC +3)
You are immune to poison.
You resist negative energy. (rN+)
You are resistant to electric shocks. (rElec)
You are resistant to unholy torment.
You are immune to petrification.


Message History

You slash the frilled lizard!
You kill the frilled lizard!
You closely miss the rat. You block the gnoll's attack.
The rat bites you but does no damage. You block the gnoll's attack.
The rat bites you.
You closely miss the rat. You block the gnoll's attack.
You block the rat's attack.
You barely miss the rat.
The gnoll hits you from afar with a +0 halberd.
You block the rat's attack.
You are too injured to fight recklessly!
You are too injured to fight recklessly!
You are too injured to fight recklessly!
You are too injured to fight recklessly!
You are too injured to fight recklessly!
You are too injured to fight recklessly!
You are too injured to fight recklessly!
You are too injured to fight recklessly!
Unknown command.
You hit the rat but do no damage. The gnoll barely misses you.
You block the rat's attack.
The gnoll hits you from afar with a +0 halberd.
The rat bites you.
You hit the rat.
You kill the rat!
The gnoll hits you but does no damage.
Unknown command.
The gnoll hits you with a +0 halberd.
You hit the gnoll.
The gnoll is moderately wounded.
The gnoll hits you with a +0 halberd.
* * * LOW HITPOINT WARNING * * *
The gnoll barely misses you.
You hit the gnoll.
The gnoll is severely wounded.
You block the gnoll's attack.
You hit the gnoll.
The gnoll is almost dead.
The gnoll hits you with a +0 halberd.
You die...

####. ... ...... #.##
.#.##. .....#.##. #
#. ......... #.
#r...... .. #
#J##...# #.
#.##g##...#### #.
#..†@##....... #
.####.##.##...####..
....................
.........##...####.(#
....#.#######†.......
... #. #...####... .
' ###...# ..# .#
#.....# #.# ..
#.....# #.#.#


You could see a gnoll, an endoplasm and a rat.

Vanquished Creatures
  3 adders (D:2)
  A ball python (D:2)
  5 bats
  5 endoplasms
  4 goblins (D:1)
  2 hobgoblins (D:2)
  2 quokkas (D:1)
  3 frilled lizards
  5 kobolds (D:1)
  6 rats
36 creatures vanquished.

Notes
Turn   | Place    | Note
-------+----------+-------------------------------------------
     0 | D:1      | bande the Gargoyle Fighter began the quest for the Orb.
     0 | D:1      | Reached XP level 1. HP: 14/14 MP: 1/1
   144 | D:1      | You fall into a shaft and drop 1 floor!
   151 | D:2      | Reached XP level 2. HP: 16/19 MP: 2/2
   220 | D:2      | Reached XP level 3. HP: 24/24 MP: 3/3
   929 | D:2      | Reached XP level 4. HP: 29/29 MP: 4/4
  1019 | D:2      | Slain by a gnoll

Illustrated notes

Levels and vault maps discovered:
D:1:      lemuel_arrival_muddy, layout_basic
D:2:      layout_basic, kennysheep_generic_room_11

Skill      XL: |  1 |
---------------+----+-----
Axes           | 2 |  2.7
Fighting       | |  3.7
Armour         | |  3.8
Shields        | |  3.8

Action                   |  1- 3 |  4- 6 || total
-------------------------+-------+-------++-------
Melee: War axe           |    89 |    12 ||   101
  Use: Scroll            |     1 |     1 ||     2
Armor: Scale mail        |    44 |       ||    44
       Plate armour      |    15 |     6 ||    21
Dodge: Dodged            |    32 |     2 ||    34
Block: Buckler           |    18 |     7 ||    25

Table legend: (Time is in decaauts)
 A = Elapsed time spent in this place.
 B = Non-inter-level travel time spent in this place.
 C = Inter-level travel time spent in this place.
 D = Time resting spent in this place.
 E = Time spent auto-exploring this place.
 F = Levels seen in this place.
 G = Mean time per level.
                   A        B        C        D        E       F      G
               +--------+--------+--------+--------+--------+-----+--------+
         Total |   1065 |   1065 |      0 |      0 |    761 |   2 |  532.5 |
       Dungeon |   1065 |   1065 |      0 |      0 |    761 |   2 |  532.5 |
               +--------+--------+--------+--------+--------+-----+--------+

Top non-repeatable levels by time:
     D:1: 681 daAuts
     D:2: 383 daAuts
